 Dungeon Crawl Stone Soup version 0.29.1-15-g9cfb28693d (webtiles) character file.

Game seed: 5171302830551055281

903 croobank the Covert (level 8, -29/55 HPs)
             Began as an Octopode Delver on Feb 28, 2023.
             Was an Initiate of Gozag.
             Annihilated by a two-headed ogre
             ... wielding a +0 giant club
              (33 damage)
             ... on level 5 of the Dungeon.
             The game lasted 00:15:23 (6206 turns).

croobank the Covert (Octopode Delver)               Turns: 6206, Time: 00:15:23

Health: -29/55     AC:  1    Str: 11    XL:     8   Next: 7%
Magic:  8/8        EV: 15    Int: 14    God:    Gozag
Gold:   232        SH:  0    Dex: 14    Spells: 7/7 levels left

rFire   . . .      SeeInvis .   a - +0 hand axe (vorpal)
rCold   . . .      Faith    .   (no shield)
rNeg    . . .      Spirit   .   (helmet restricted)
rPois   .          Reflect  .   (no amulet)
rElec   .          Harm     .   m - ring of wizardry
rCorr   .          Rampage  .   (no ring)
Will    .....                   (no ring)
Stlth   +++++.....              (no ring)
HPRegen 0.18/turn               (no ring)
MPRegen 0.11/turn               (no ring)
                                (no ring)
                                (no ring)

@: gold aura
A: almost no armour, amphibious, 8 rings, camouflage 1, gelatinous body 1,
(nimble swimmer 1), tentacles
a: Renounce Religion, Potion Petition, Call Merchant, Bribe Branch


You were on level 5 of the Dungeon.
You worshipped Gozag.
Gozag was aware of your devotion.
You visited 2 branches of the dungeon, and saw 7 of its levels.

You collected 332 gold pieces.
You paid 100 gold pieces to Gozag.

Inventory:

Hand Weapons
 a - a +0 vorpal hand axe (weapon)
 b - a +0 vorpal sling
 d - a +2 dagger of venom
 h - a +4 short sword of venom
 j - a +0 long sword
 A - a +0 war axe
 E - a +2 trident of venom
Missiles
 s - 8 poisoned darts (quivered)
Armour
 w - an orb of energy
Magical Staves
 r - a staff of cold
Jewellery
 m - a ring of wizardry (left tentacle)
Wands
 f - a wand of digging (3)
 p - a wand of roots (16)
 B - a wand of flame (19)
Scrolls
 c - 2 scrolls of magic mapping
 g - 4 scrolls of identify
 l - a scroll of brand weapon {unknown}
 o - a scroll of amnesia
 q - a scroll of vulnerability {unknown}
 t - a scroll of torment {unknown}
 u - a scroll of fog
 v - a scroll of silence {unknown}
 y - a scroll of noise {unknown}
 C - a scroll of immolation {unknown}
 D - 3 scrolls of teleportation
Potions
 e - a potion of haste
 i - a potion of flight
 k - 3 potions of curing
 n - a potion of heal wounds
 x - 2 potions of mutation
 z - a potion of invisibility {unknown}
 F - a potion of might {unknown}
 G - a potion of resistance


   Skills:
 + Level 5.3 Fighting
 + Level 4.8 Axes
 + Level 4.7 Dodging
 + Level 9.2 Stealth


You had 7 spell levels left.
You didn't know any spells.
Your spell library contained the following spells:

 Spells                   Type           Power      Damage    Failure   Level
 Freeze                   Ice            0%         1d3       12%         1
 Necrotise                Necr           0%         1d4       12%         1
 Static Discharge         Conj/Air       0%         3-3/arc   17%         2
 Frozen Ramparts          Ice            0%         1d1       32%         3
 Inner Flame              Hex/Fire       0%         N/A       32%         3
 Vampiric Draining        Necr           0%         2d6       32%         3
 Cause Fear               Hex            0%         N/A       71%         4
 Dispel Undead            Necr           0%         3d6       71%         4
 Hailstorm                Conj/Ice       0%         3d3       71%         4
 Sticky Flame             Conj/Fire      0%         2d3       71%         4
 Agony                    Necr           0%         N/A       95%         5
 Discord                  Hex            0%         N/A       100%        8


Dungeon Overview and Level Annotations

Branches:
Dungeon (6/15)             Temple (1/1) D:4

Altars:
Ashenzari
Cheibriados
Dithmenos
Elyvilon
Fedhas
Gozag
Hepliaklqana
Okawaru
Qazlal
Ru
Sif Muna
Vehumet
Wu Jian
Zin
The Shining One

Annotations:
D:1 exclusion: downstairs
D:2 1 runed translucent door, Crazy Yiuf
D:4 hornet
D:5 4 runed translucent doors


Innate Abilities, Weirdness & Mutations

You cannot wear most types of armour.
You are amphibious.
You can wear up to eight rings at the same time.
Your skin changes colour to match your surroundings (Stealth+).
Your rubbery body absorbs attacks. (AC +1, EV +1)
((You are camouflaged when in or above water. (Stealth+)))
You have tentacles for arms and can constrict up to eight enemies at once.


Message History

The hound is severely wounded.
You constrict the hound. The hound closely misses you.
The hound barely misses you.
You hit the hound.
The hound is almost dead.
You constrict the hound.
You kill the hound!
No target in view!
No target in view!
No target in view!
You now have 223 gold pieces (gained 7).
You now have 232 gold pieces (gained 9).
You start resting.
HP restored.
An orc comes into view. It is wielding a +0 short sword.
A two-headed ogre comes into view.
It is wielding a +0 giant club and a +0 giant spiked club.
Found a rapier and a slimy spear.
The orc shouts!
The two-headed ogre shouts in stereo!
You hit the orc. You grab the orc. You squeeze the orc.
The orc is almost dead.
You constrict the orc.
You kill the orc!
You hit the two-headed ogre. You squeeze the two-headed ogre.
The two-headed ogre is moderately wounded.
The two-headed ogre hits you with a +0 giant club!!
Ouch! That really hurt!
The two-headed ogre hits you with a +0 giant spiked club!!
* * * LOW HITPOINT WARNING * * *
Okay, then.
Okay, then.
Aiming: Fastroot
Press: ? - help, Shift-Dir - straight line The roots erupt in riotous growth!
Roots grab the two-headed ogre.
The grasping roots constrict the two-headed ogre.
The two-headed ogre hits you with a +0 giant club!!
Ouch! That really hurt!
You die...
Your body crumbles into a pile of gold.

#...# ###8..8##.. #...##
#8....8#.. #....#
#)....$#.# ####.#..## ##
#[....)#). #[.....##) .)#
#8....8#)#
#......#.##.#####8O.8##).
#......#.#.##.'.##++##..#
######.#$O.#.##........##
#.#@####.#......#.#
#.##....##..#...#.#
#..######...#.#.#.#
#.........#.#.#.#.#
#..########.#.#.#.# ##.#
#'#'#.#.# #.# ......#.#
######.# #.......#
#......######......<+


You could see a two-headed ogre (rooted).

Vanquished Creatures
  A hornet (D:4)
  An ogre (D:4)
  A centaur (D:5)
  A scorpion (D:5)
  A hound (D:5)
  2 jellies (D:5)
  An orc priest (D:5)
  Jessica (D:3)
  2 iguanas
  Ijyb (D:3)
  Natasha (thrice) (D:2)
  Robin (D:2)
  3 gnolls
  4 adders
  A worm (D:4)
  3 dart slugs
  6 orcs
  9 ball pythons
  8 endoplasms
  2 giant cockroaches (D:1)
  15 goblins
  11 hobgoblins
  5 jackals
  6 kobolds
  4 quokkas
  4 bats
  3 frilled lizards
  4 rats (D:1)
104 creatures vanquished.

Vanquished Creatures (others)
  A fungus (D:2)
  11 plants (D:2)
12 creatures vanquished.

Grand Total: 116 creatures vanquished

Notes
Turn   | Place    | Note
-------+----------+-------------------------------------------
     0 | D:5      | croobank the Octopode Delver began the quest for the Orb.
     0 | D:5      | Reached XP level 1. HP: 16/16 MP: 1/1
    37 | D:6      | Noticed a centaur
    54 | D:5      | Found an opulent altar of Gozag.
   173 | D:5      | Noticed a jelly
   178 | D:4      | Noticed Ijyb
   179 | D:4      | Noticed a hornet
   188 | D:4      | Found a staircase to the Ecumenical Temple.
   256 | D:3      | Reached XP level 2. HP: 19/21 MP: 2/2
   704 | D:3      | Reached XP level 3. HP: 26/26 MP: 3/3
   815 | D:3      | Noticed Jessica
   880 | D:2      | Noticed Robin
   888 | D:2      | Reached skill level 7 in Stealth
  1776 | D:1      | Reached XP level 4. HP: 31/31 MP: 4/4
  2363 | D:2      | Killed Robin
  2601 | D:2      | Found a faded altar of an unknown god.
  2811 | D:2      | Found a runed translucent door.
  2812 | D:2      | Noticed Crazy Yiuf
  2902 | D:2      | Noticed Natasha
  2910 | D:2      | Killed Natasha
  2911 | D:2      | Reached XP level 5. HP: 10/37 MP: 5/5
  2937 | D:2      | Noticed Natasha
  3134 | D:2      | Killed Natasha
  3342 | D:2      | Noticed Natasha
  3350 | D:2      | Killed Natasha
  3624 | D:3      | Killed Jessica
  4332 | D:4      | Reached XP level 6. HP: 43/43 MP: 6/6
  4356 | D:4      | Reached skill level 8 in Stealth
  4446 | Temple   | Entered the Ecumenical Temple
  5077 | D:3      | Killed Ijyb
  5227 | D:4      | Killed a hornet
  5228 | D:4      | Reached XP level 7. HP: 32/49 MP: 7/7
  5598 | D:5      | Became a worshipper of Gozag Ym Sagoz the Greedy
  5802 | D:5      | Reached skill level 5 in Fighting
  5802 | D:5      | Reached skill level 9 in Stealth
  6070 | D:5      | Found a large runed translucent door.
  6070 | D:5      | Found a large runed translucent door.
  6074 | D:5      | Noticed a two-headed ogre
  6076 | D:5      | Noticed a wraith
  6084 | D:5      | Found a large runed translucent door.
  6084 | D:5      | Found a large runed translucent door.
  6090 | D:5      | Reached XP level 8. HP: 52/55 MP: 8/8
  6203 | D:5      | Noticed a two-headed ogre
  6206 | D:5      | Annihilated by a two-headed ogre

Illustrated notes

Levels and vault maps discovered:
D:1:      moated_graveyard_arrival, layout_basic
D:2:      layout_basic, shapermc_ecumenical_altar_hornbeckon,
          chequers_serial_rivers_small_a, uniq_robin, uniq_natasha,
          uniq_crazy_yiuf_cottage
D:3:      layout_basic, corexii_leaking_fountain, uniq_jessica
D:4:      layout_rooms, minmay_temple_entry_sparse_star, minmay_cut_off,
          uniq_ijyb
D:5:      layout_basic, mainiacjoe_overflow_tiny_flanked,
          chequers_serial_rivers_room_a, minmay_hollow_rounded_squares,
          uniq_blork_the_orc
D:6:      layout_loops_ring, yredelemnul_altar_generic, serial_shops,
          kennysheep_mini_moat, nicolae_shop_crystal
Temple:   eino_temple_water

Skill      XL: |  1  2  3  4  5  6  7 |
---------------+----------------------+-----
Stealth        | 7 8 9 |  9.2
Axes           | 3 4 |  4.8
Dodging        | 3 4 |  4.7
Fighting       | 4 5 |  5.3

Action                   |  1- 3 |  4- 6 |  7- 9 || total
-------------------------+-------+-------+-------++-------
Melee: Hand axe          |    58 |    84 |    43 ||   185
       Constrict         |    14 |    23 |    11 ||    48
       Tentacles         |    11 |    20 |    15 ||    46
       Punch             |       |       |     2 ||     2
 Fire: Sling             |       |    45 |       ||    45
Evoke: Wand              |       |    10 |     2 ||    12
  Use: Scroll            |     1 |     7 |       ||     8
       Potion            |       |     5 |       ||     5
 Stab: Sleeping          |    11 |     6 |    11 ||    28
       Distracted        |       |     1 |     1 ||     2
       Invisible         |       |     3 |       ||     3
Armor: Skin              |     6 |     4 |     4 ||    14
Dodge: Dodged            |    37 |    91 |    30 ||   158
